 Dungeon Crawl Stone Soup version 0.30-a0-760-g5a9884bb7c (webtiles) character file.

Game seed: 1974095695994246576

87 runemasterragnar the Shield-Bearer (level 4, -1/37 HPs)
             Began as a Formicid Fighter on Feb 10, 2023.
             Was a Follower of Qazlal.
             Killed by nerve-wracking pain
             ... invoked by an orc priest
              (11 damage)
             ... on level 3 of the Dungeon.
             The game lasted 00:02:42 (1576 turns).

runemasterragnar the Shield-Bearer (FoFi)           Turns: 1576, Time: 00:02:42

Health: -1/37      AC:  7    Str: 21    XL:     4   Next: 80%
Magic:  1/4        EV:  9    Int:  9    God:    Qazlal [*.....]
Gold:   95         SH:  7    Dex: 13    Spells: 3/3 levels left

rFire   . . .      SeeInvis +    a - +0 long sword
rCold   . . .      Faith    .    c - +0 buckler
rNeg    . . .      Spirit   .    b - +0 scale mail
rPois   .          Reflect  .    (helmet unavailable)
rElec   .          Harm     .    (no cloak)
rCorr   .          Rampage  .    (no gloves)
Will    .....                    (no boots) Stlth
                                 (no amulet)
HPRegen 0.26/turn                (no ring)
MPRegen 0.09/turn                (no ring)

@: no status effects
A: permanent stasis, dig shafts and tunnels, antennae 3, four strong arms
a: Dig, Shaft Self, Renounce Religion


You were on level 3 of the Dungeon.
You worshipped Qazlal.
Qazlal was aware of your devotion.
You visited 1 branch of the dungeon, and saw 3 of its levels.

You collected 95 gold pieces.

Inventory:

Hand Weapons
 a - a +0 long sword (weapon)
Armour
 b - a +0 scale mail (worn)
 c - a +0 buckler (worn)
Magical Staves
 g - a staff of air
Scrolls
 e - a scroll of noise {unknown}
 f - a scroll of vulnerability {unknown}
 h - a scroll of silence {unknown}
 m - a scroll of fear {unknown}
 n - a scroll of identify {unknown}
 o - a scroll of enchant armour {unknown}
Potions
 d - 4 potions of might
 i - a potion of brilliance {unknown}
 k - a potion of resistance {unknown}
 l - a potion of degeneration {unknown}


   Skills:
 + Level 3.9 Fighting
 * Level 2.8 Long Blades
 + Level 3.7 Armour
 + Level 1.1 Dodging
 + Level 4.4 Shields
 + Level 0.4 Invocations
 + Level 0.9 Evocations


You had 3 spell levels left.
You didn't know any spells.
Your spell library contained the following spells:

 Spells                   Type           Power      Damage    Failure   Level
 Static Discharge         Conj/Air       0%         2-2/arc   89%         2
 Vhi's Electric Charge    Tloc/Air       0%         N/A       98%         3
 Arcjolt                  Conj/Air       0%         1d10      100%        5
 Lightning Bolt           Conj/Air       0%         1d11      100%        5


Dungeon Overview and Level Annotations

Branches:
Dungeon (3/15)

Altars:
Qazlal


Innate Abilities, Weirdness & Mutations

You cannot be hasted, slowed, berserked, paralysed or teleported.
You can dig through walls and to a lower floor.
You have a pair of large antennae on your head. (SInv)
Your four strong arms can wield two-handed weapons with a shield.


Message History

The orc priest invokes the aid of Beogh against you.
Beogh smites you!
You barely miss the orc priest.
The orc priest is moderately wounded.
The orc priest hits you with a +0 whip.
* * * LOW HITPOINT WARNING * * *
You barely miss the orc priest.
The orc priest is moderately wounded.
The orc priest hits you with a +0 whip.
* * * LOW HITPOINT WARNING * * *
You barely miss the orc priest.
The orc priest is moderately wounded.
The orc priest mumbles some strange prayers to Beogh against you.
Pain shoots through your body!
* * * LOW HITPOINT WARNING * * *
The orc priest hits you with a +0 whip.
* * * LOW HITPOINT WARNING * * *
Okay, then.
Okay, then.
Aiming: Upheaval
Press: ? - help, Dir - move target, f - orc
Aim: an orc, wielding a +0 war axe A storm cloud blasts the area with cutting wind!
The cutting wind hits the orc.
The orc is heavily wounded.
You can no longer call upon nature to destroy your foes.
The orc priest closely misses you.
Unknown command.
It was a potion of heal wounds.
You feel much better.
The orc priest hits you but does no damage.
You hit the orc priest.
The orc priest is heavily wounded.
The orc priest calls down the wrath of Beogh upon you.
Pain shoots through your body!
* * * LOW HITPOINT WARNING * * *
You barely miss the orc priest.
The orc priest is heavily wounded.
The orc priest invokes the aid of Beogh against you.
Pain shoots through your body!
You die...

######### ........#
........# ........#
........### #).)o#
#.##o# ... #@#
..... #.# .....##
#.############
...).
#.#........... ....
#............. ....
#.#####.#.###.#..
..#.###.#..........
..#.....#.#.###.#.
#+#.#..##.#.#.#$#.#


You could see an orc priest and an orc.

Vanquished Creatures
  2 adders
  A worm (D:3)
  A dart slug (D:1)
  8 orcs (D:3)
  4 ball pythons
  3 endoplasms (D:1)
  A giant cockroach (D:2)
  3 goblins
  3 hobgoblins
  3 jackals (D:1)
  4 kobolds
  2 quokkas (D:3)
  11 bats
  A frilled lizard (D:2)
  4 rats
51 creatures vanquished.

Notes
Turn   | Place    | Note
-------+----------+-------------------------------------------
     0 | D:1      | runemasterragnar the Formicid Fighter began the quest for
                  | the Orb.
     0 | D:1      | Reached XP level 1. HP: 18/18 MP: 1/1
    75 | D:1      | Reached XP level 2. HP: 21/24 MP: 2/2
   344 | D:1      | Reached XP level 3. HP: 26/29 MP: 3/3
   883 | D:2      | Found a faded altar of an unknown god.
   899 | D:2      | Prayed at the altar of an unknown god.
   899 | D:2      | Became a worshipper of Qazlal Stormbringer
   899 | D:2      | Reached * piety under Qazlal
  1401 | D:3      | Reached XP level 4. HP: 37/37 MP: 4/4
  1403 | D:3      | Reached skill level 1 in Dodging
  1552 | D:3      | Reached ** piety under Qazlal
  1572 | D:3      | HP: 1/37 [orc priest/+0 whip (5)]
  1576 | D:3      | Killed from afar by an orc priest

Illustrated notes

Levels and vault maps discovered:
D:1:      dpeg_arrival_simpleton_a, layout_loops_ring, minmay_misc_feat_five
D:2:      layout_basic, hellmonk_ecumenical_altar_inner_sanctum
D:3:      layout_basic, serial_shops, nicolae_shop_window_shopping,
          minmay_surrounded, uniq_robin

Skill      XL: |  1  2  3  4 |
---------------+-------------+-----
Dodging        | 1 |  1.1
Fighting       | |  3.9
Long Blades    | |  2.8
Armour         | |  3.7
Shields        | |  4.4
Invocations    | |  0.4
Evocations     | |  0.9

Action                     |  1- 3 |  4- 6 || total
---------------------------+-------+-------++-------
  Melee: Long sword        |   113 |    79 ||   192
 Invoke: Upheaval          |       |     1 ||     1
    Use: Potion            |       |     1 ||     1
 Armour: Scale mail        |    63 |    35 ||    98
  Dodge: Dodged            |    49 |    21 ||    70
  Block: Buckler           |    46 |    27 ||    73

Table legend: (Time is in decaauts)
 A = Elapsed time spent in this place.
 B = Non-inter-level travel time spent in this place.
 C = Inter-level travel time spent in this place.
 D = Time resting spent in this place.
 E = Time spent auto-exploring this place.
 F = Levels seen in this place.
 G = Mean time per level.
                   A        B        C        D        E       F      G
               +--------+--------+--------+--------+--------+-----+--------+
         Total |   1632 |   1613 |     19 |      0 |   1198 |   3 |  544.0 |
       Dungeon |   1632 |   1613 |     19 |      0 |   1198 |   3 |  544.0 |
               +--------+--------+--------+--------+--------+-----+--------+

Top non-repeatable levels by time:
     D:2: 728 daAuts
     D:1: 683 daAuts
     D:3: 221 daAuts
